 Dungeon Crawl Stone Soup version 0.21.1-1-g345015f (webtiles) character file.

2132 Monsterracer the Thaumaturge (level 9, -8/65 HPs)
             Began as a Gnoll Wizard on Feb 6, 2018.
             Was an Initiate of Sif Muna.
             Incinerated by shakethe's ghost (9 damage)
             ... with a sticky flame
             ... on level 6 of the Dungeon.
             The game lasted 00:12:15 (6852 turns).

Monsterracer the Thaumaturge (Gnoll Wizard)         Turns: 6852, Time: 00:12:16

Health: -8/65      AC:  9    Str: 12    XL:     9   Next: 30%
Magic:  21/21      EV: 15    Int: 24    God:    Sif Muna [......]
Gold:   333        SH:  0    Dex: 13    Spells: 15/24 levels left

rFire    . . .     SeeInvis .   b - +3 flail (protect)
rCold    . . .     Gourm    .   (no shield)
rNeg     . . .     Faith    .   o - +0 robe
rPois    .         Spirit   .   k - +1 hat
rElec    .         Reflect  .   h - +2 cloak
rCorr    .         Harm     .   (no gloves)
MR       .....                  x - +2 pair of boots
Stlth    ++........             (no amulet)
HPRegen  0.20/turn              d - ring of stealth
MPRegen  0.17/turn              D - +2 ring of strength

@: liquid flames, glowing
A: distributed training, fangs 1, strong nose
a: Renounce Religion


You were on level 6 of the Dungeon.
You worshipped Sif Muna.
Sif Muna was noncommittal.
You were not hungry.

You visited 2 branches of the dungeon, and saw 8 of its levels.

You collected 333 gold pieces.

Inventory:

Hand Weapons
 a - a +2 war axe of venom
 b - a +3 flail of protection (weapon)
 e - a +2 war axe of flaming
 q - a +1 dagger of venom
 w - a +0 trident
Armour
 h - a +2 cloak (worn)
 k - a +1 hat (worn)
 o - a +0 robe (worn)
 x - a +2 pair of boots (worn)
 y - a +0 ring mail
Jewellery
 d - a ring of stealth (left hand)
 C - an uncursed ring of ice
 D - a +2 ring of strength (right hand)
Wands
 s - a wand of iceblast (5)
 E - a wand of flame (22)
Scrolls
 l - a scroll of fear {!r}
 m - 4 scrolls of teleportation
 t - 4 scrolls of remove curse
 F - a scroll of blinking
Potions
 f - 2 potions of lignification
 g - 5 potions of flight
 i - 9 potions of curing
 j - 2 potions of agility
 p - a potion of brilliance
 r - a potion of haste
 u - 2 potions of ambrosia {!q}
 z - 3 potions of heal wounds
 A - a potion of mutation {!q}
 B - a potion of berserk rage {!q}
Comestibles
 c - 14 rations


   Skills:
 + Level 4.0 Fighting
 + Level 4.0 Short Blades
 + Level 4.0 Long Blades
 + Level 4.0 Axes
 + Level 4.0 Maces & Flails
 + Level 4.0 Polearms
 + Level 4.0 Staves
 + Level 4.0 Slings
 + Level 4.0 Bows
 + Level 4.0 Crossbows
 + Level 4.0 Throwing
 + Level 4.0 Armour
 + Level 6.2 Dodging
 + Level 5.9 Stealth
 + Level 4.0 Shields
 + Level 4.0 Unarmed Combat
 + Level 8.3 Spellcasting
 + Level 4.0 Conjurations
 + Level 3.3 Hexes
 + Level 3.3 Charms
 + Level 4.0 Summonings
 + Level 3.3 Necromancy
 + Level 4.0 Translocations
 + Level 3.3 Transmutations
 + Level 3.3 Fire Magic
 + Level 3.3 Ice Magic
 + Level 3.3 Air Magic
 + Level 3.3 Earth Magic
 + Level 3.3 Poison Magic
 + Level 4.4 Invocations
 + Level 4.0 Evocations


You had 15 spell levels left.
You knew the following spells:

 Your Spells              Type           Power        Failure   Level  Hunger
a - Magic Dart            Conj           ####         1%          1    None
b - Conjure Flame         Conj/Fire      ####....     4%          3    None
c - Mephitic Cloud        Conj/Pois/Air  ####....     4%          3    None
e - Blink                 Tloc           N/A          1%          2    None


Dungeon Overview and Level Annotations

Branches:
Dungeon (7/15)             Temple (1/1) D:5

Altars:
Ashenzari
Cheibriados
Dithmenos
Elyvilon
Hepliaklqana
Kikubaaqudgha
Makhleb
Nemelex Xobeh
Okawaru
Qazlal
Ru
Sif Muna
Trog
Uskayaw
Wu Jian
Xom
Yredelemnul
Zin
The Shining One

Annotations:
D:7 shakethe's ghost, novice DEFE


Innate Abilities, Weirdness & Mutations

Your experience applies equally to all skills.
You have very sharp teeth.
Your uncanny sense of smell can sniff out nearby items.


Message History

Your +2 war axe of venom begins to drip with poison!
a - a +2 war axe of venom (weapon)
Magic restored.
Things that are here:
a giant club; 16 arrows; MP restored: 21
Found a stone staircase leading down.
Found a long runed staff.
Shakethe's ghost (novice Deep Elf Fire Elementalist) comes into view.
It is wielding a weapon of speed.
What are your orders? t - Bark!
Orders for allies: a - Attack new target. r - Retreat! s - Stop attacking. g - Guard the area. f - Follow me.
Anything else - Cancel.
You bark for attention!
Shakethe's ghost gestures at you while chanting.
The fireball explodes!
The fireball engulfs you!
You hear a shout!
You hear a bark!
You take 9 damage, and have 56/65 hp.
Casting: Magic Dart
Confirm with . or Enter, or press ? or * to list all spells.
Aiming: Conjure Flame
Press: ? - help, Dir - move target cursor, f - shakethe's ghost
Aim: shakethe's ghost, wielding a weapon of speed
Okay, then.
Shakethe's ghost hits you but does no damage.
There is a stone staircase leading up here.
Wield which item (- for none, * to show all)? (? for menu, Esc to quit)
Your +2 war axe of venom stops dripping with poison.
Your +3 flail of protection hums with potential!
b - a +3 flail of protection (weapon)
You hit shakethe's ghost.
Your weapon exudes an aura of protection.
Shakethe's ghost is lightly damaged.
Shakethe's ghost points at you and mumbles some strange words.
The flame tongue misses you.
You hit shakethe's ghost but do no damage.
You punch shakethe's ghost, but do no damage.
Shakethe's ghost is lightly damaged.
Shakethe's ghost hits you but does no damage.
Shakethe's ghost says, "I love the smell of burning flesh."
Shakethe's ghost hits you but does no damage.
You barely miss shakethe's ghost. You bite shakethe's ghost.
Shakethe's ghost is lightly damaged.
Shakethe's ghost hits you but does no damage.
You miss shakethe's ghost.
Shakethe's ghost is lightly damaged.
Shakethe's ghost hits you but does no damage.
You hit shakethe's ghost.
Shakethe's ghost is moderately damaged.
Shakethe's ghost hits you.
You barely miss shakethe's ghost. Your bite misses shakethe's ghost.
Shakethe's ghost is moderately damaged.
Shakethe's ghost hits you.
A centaur comes into view.
You take 1 damage, and have 56/65 hp.
You hit shakethe's ghost.
Shakethe's ghost is moderately damaged.
Shakethe's ghost sprays you with burning goo.
The sticky flame hits you!
You are covered in liquid flames!
Shakethe's ghost barely misses you.
You take 5 damage, and have 51/65 hp.
You closely miss shakethe's ghost.
Shakethe's ghost is moderately damaged.
You are covered in liquid flames!
The centaur wields a glowing shortbow.
It bursts into flame!
The centaur shoots an arrow.
The arrow hits you. The arrow burns you.
Shakethe's ghost completely misses you.
You hear a bark!
You are too injured to fight recklessly!
You take 11 damage, and have 40/65 hp.
You closely miss shakethe's ghost.
Shakethe's ghost is moderately damaged.
You are covered in liquid flames!
The centaur shoots an arrow.
The arrow hits you but does no damage. Shakethe's ghost closely misses you.
You take 6 damage, and have 34/65 hp.
You are too injured to fight recklessly!
You barely miss shakethe's ghost.
Shakethe's ghost is moderately damaged.
You are covered in liquid flames!
* * * LOW HITPOINT WARNING * * *
The centaur shoots an arrow.
The arrow misses you.
Shakethe's ghost hits you but does no damage.
You take 4 damage, and have 30/65 hp.
You are covered in liquid flames!
* * * LOW HITPOINT WARNING * * *
The centaur shoots an arrow.
The arrow hits you.
* * * LOW HITPOINT WARNING * * *
The arrow burns you.
* * * LOW HITPOINT WARNING * * *
Shakethe's ghost hits you but does no damage.
The centaur shoots an arrow.
The arrow hits you!
* * * LOW HITPOINT WARNING * * *
The arrow burns you.
* * * LOW HITPOINT WARNING * * *
You climb upwards.
You are covered in liquid flames!
You die...

#####.# #.#####
#.....# #......
#.###.# #.#####
#.# #.#####.#####
#.# #[...........
#.# ###.#########
##.#####.#........
#........#.#......
#@.#######.#.#####
#..# #.#.# #
##..#######.#.# #
#.<.#.........# #
#..##.###...### ##
#..##.# #.### #.
#..##.###.# #.
#..##.....# #.
#..#####..# ##


There were no monsters in sight!

Vanquished Creatures
  A hippogriff (D:4)
  The ghost of adept the Digger, an amateur DDEE (D:4)
  Edmund (D:5)
  Duvessa (D:5)
  3 ogres
  A centaur (D:5)
  2 bullfrogs (D:6)
  Dowan (D:5)
  A scorpion (D:5)
  2 crimson imps
  A jelly (D:4)
  A centaur skeleton (D:4)
  8 orc priests
  2 hounds (D:6)
  2 iguanas (D:5)
  9 orc wizards
  Natasha (thrice) (D:4)
  3 worker ants
  Ijyb (D:2)
  3 adders
  An ooze (D:2)
  4 dart slugs
  7 leopard geckos
  25 orcs
  6 bats
  2 giant cockroaches
  13 goblins
  9 hobgoblins
  5 jackals
  4 quokkas
  A ball python (D:6)
  4 frilled lizards
  5 kobolds
  A quokka zombie (D:5)
  9 rats
143 creatures vanquished.

Notes
Turn   | Place    | Note
-------+----------+-------------------------------------------
     0 | D:1      | Monsterracer the Gnoll Wizard began the quest for the Orb.
     0 | D:1      | Reached XP level 1. HP: 13/13 MP: 8/8
   112 | D:1      | Reached XP level 2. HP: 12/19 MP: 1/10
   121 | D:1      | Learned a level 2 spell: Blink
   704 | D:1      | Reached XP level 3. HP: 25/25 MP: 7/11
   709 | D:1      | Learned a level 3 spell: Conjure Flame
   713 | D:1      | Learned a level 3 spell: Mephitic Cloud
  1184 | D:2      | Reached skill level 1 in Invocations
  1400 | D:2      | Noticed Ijyb
  1468 | D:2      | Killed Ijyb
  1468 | D:2      | Reached skill level 1 in Fighting
  1468 | D:2      | Reached skill level 1 in Short Blades
  1468 | D:2      | Reached skill level 1 in Long Blades
  1468 | D:2      | Reached skill level 1 in Axes
  1468 | D:2      | Reached skill level 1 in Maces & Flails
  1468 | D:2      | Reached skill level 1 in Polearms
  1468 | D:2      | Reached skill level 1 in Staves
  1468 | D:2      | Reached skill level 1 in Slings
  1468 | D:2      | Reached skill level 1 in Bows
  1468 | D:2      | Reached skill level 1 in Crossbows
  1468 | D:2      | Reached skill level 1 in Throwing
  1468 | D:2      | Reached skill level 1 in Armour
  1468 | D:2      | Reached skill level 1 in Shields
  1468 | D:2      | Reached skill level 1 in Unarmed Combat
  1468 | D:2      | Reached skill level 1 in Evocations
  1468 | D:2      | Reached XP level 4. HP: 18/32 MP: 2/13
  1669 | D:2      | Found a bloodstained altar of Trog.
  2189 | D:3      | Reached skill level 1 in Hexes
  2189 | D:3      | Reached skill level 1 in Charms
  2189 | D:3      | Reached skill level 1 in Necromancy
  2189 | D:3      | Reached skill level 1 in Transmutations
  2189 | D:3      | Reached skill level 1 in Fire Magic
  2189 | D:3      | Reached skill level 1 in Ice Magic
  2189 | D:3      | Reached skill level 1 in Air Magic
  2189 | D:3      | Reached skill level 1 in Earth Magic
  2189 | D:3      | Reached skill level 1 in Poison Magic
  2569 | D:3      | Reached XP level 5. HP: 19/37 MP: 0/14
  2814 | D:3      | Found a snail-covered altar of Cheibriados.
  2924 | D:3      | Found a stormy altar of Qazlal.
  3158 | D:4      | Noticed an ogre
  3347 | D:4      | HP: 18/37 [something/magic dart (6)]
  3358 | D:4      | Reached XP level 6. HP: 23/44 MP: 3/16
  3494 | D:4      | Noticed adept's ghost (amateur DDEE)
  3509 | D:4      | Killed adept's ghost
  3509 | D:4      | Reached skill level 5 in Dodging
  3567 | D:4      | Reached XP level 7. HP: 45/50 MP: 12/18
  3641 | D:4      | Noticed a hippogriff
  3650 | D:4      | Noticed Natasha
  3656 | D:4      | Killed a hippogriff
  3660 | D:4      | Killed Natasha
  3660 | D:4      | Reached skill level 5 in Stealth
  3708 | D:4      | Noticed Natasha
  3711 | D:4      | Killed Natasha
  3832 | D:4      | Reached XP level 8. HP: 57/57 MP: 12/19
  3944 | D:4      | Noticed Edmund
  3984 | D:5      | Entered Level 5 of the Dungeon
  3991 | D:5      | Killed Edmund
  4311 | D:4      | Noticed Natasha
  4314 | D:4      | Killed Natasha
  4333 | D:4      | Found a sacrificial altar of Ru.
  4409 | D:4      | Found a shimmering altar of Xom.
  4586 | D:5      | Found an ornate altar of the Wu Jian Council.
  4620 | D:5      | Reached skill level 8 in Spellcasting
  5071 | D:5      | Found a shattered altar of Ashenzari.
  5157 | D:5      | Found a staircase to the Ecumenical Temple.
  5177 | D:5      | Noticed Duvessa
  5192 | Temple   | Entered the Ecumenical Temple
  5426 | Temple   | Became a worshipper of Sif Muna the Loreminder
  5490 | D:5      | Noticed Dowan
  5516 | D:5      | Killed Dowan
  5530 | D:5      | Killed Duvessa
  5801 | D:6      | Reached XP level 9. HP: 65/65 MP: 21/21
  5876 | D:6      | HP: 24/65 [something/puff of frost (9)]
  5881 | D:6      | HP: 17/65 [orc priest/divine providence (9)]
  6831 | D:7      | Noticed shakethe's ghost (novice DEFE)
  6850 | D:7      | HP: 30/65 [burnt (4)]
  6851 | D:7      | HP: 7/65 [centaur/arrow (11)]
  6851 | D:7      | HP: 1/65 [centaur/arrow (6)]
  6852 | D:6      | Incinerated by shakethe's ghost

Skill      XL: |  1  2  3  4  5  6  7  8  9 |
---------------+----------------------------+-----
Conjurations   | 2 3 4 |  4.0
Summonings     | 2 3 4 |  4.0
Translocations | 2 3 4 |  4.0
Invocations    | 1 2 3 4 |  4.4
Fighting       | 1 2 3 4 |  4.0
Short Blades   | 1 2 3 4 |  4.0
Long Blades    | 1 2 3 4 |  4.0
Axes           | 1 2 3 4 |  4.0
Maces & Flails | 1 2 3 4 |  4.0
Polearms       | 1 2 3 4 |  4.0
Staves         | 1 2 3 4 |  4.0
Slings         | 1 2 3 4 |  4.0
Bows           | 1 2 3 4 |  4.0
Crossbows      | 1 2 3 4 |  4.0
Throwing       | 1 2 3 4 |  4.0
Armour         | 1 2 3 4 |  4.0
Shields        | 1 2 3 4 |  4.0
Unarmed Combat | 1 2 3 4 |  4.0
Evocations     | 1 2 3 4 |  4.0
Hexes          | 1 2 3 |  3.3
Charms         | 1 2 3 |  3.3
Necromancy     | 1 2 3 |  3.3
Transmutations | 1 2 3 |  3.3
Fire Magic     | 1 2 3 |  3.3
Ice Magic      | 1 2 3 |  3.3
Air Magic      | 1 2 3 |  3.3
Earth Magic    | 1 2 3 |  3.3
Poison Magic   | 1 2 3 |  3.3
Dodging        | 5 6 |  6.2
Stealth        | 5 |  5.9
Spellcasting   | 8 |  8.3

Action                   |  1- 3 |  4- 6 |  7- 9 || total
-------------------------+-------+-------+-------++-------
Melee: Unarmed           |     4 |       |       ||     4
       Dagger            |    31 |    46 |    25 ||   102
       Short sword       |       |    15 |       ||    15
       Bite              |       |     5 |    10 ||    15
       Trident           |       |    12 |     1 ||    13
       War axe           |       |       |    72 ||    72
       Flail             |       |       |    33 ||    33
       Punch             |       |       |     3 ||     3
 Cast: Magic Dart        |    78 |    91 |    68 ||   237
       Mephitic Cloud    |       |     4 |     5 ||     9
       Conjure Flame     |       |     4 |     4 ||     8
  Use: Scroll            |       |     7 |    11 ||    18
 Stab: Distracted        |       |     1 |       ||     1
       Confused          |       |     1 |     4 ||     5
       Sleeping          |       |       |     7 ||     7
  Eat: Chunk             |     1 |     7 |    10 ||    18
Armor: Robe              |    11 |    24 |    46 ||    81
Dodge: Dodged            |    21 |    60 |   104 ||   185

Vault maps used:
D:1:      denvon_arrival_planthouse
D:2:      kennysheep_the_goblin_king, trog_butcher_becter
D:3:      kennysheep_slug_shrine, lemuel_doored_altar
D:4:      kennysheep_mini_moat, nicolae_ru_path_of_blood, uniq_edmund,
          uniq_natasha
D:5:      ashenzari_conservatory_becter, nicolae_overflow_crystal_walls,
          minmay_temple_entry_metal_lava, first_ration, uniq_duvessa
D:7:      fedhas_bush_and_centaur_altar
Temple:   dpeg_chambers_temple
